 Dungeon Crawl Stone Soup version 0.27.1-4-g1640c2035a (webtiles) character file.

Game seed: 534767505144769274

385 BinkBink the Firebug (level 6, -2/38 (41) HPs)
             Began as a Demonspawn Fire Elementalist on Nov 4, 2021.
             Slain by a gnoll sergeant (14 damage)
             ... on level 3 of the Dungeon.
             The game lasted 00:10:27 (3579 turns).

BinkBink the Firebug (Demonspawn Fire Elementalist) Turns: 3579, Time: 00:10:28

HP:   -2/38 (41)    AC:  8    Str:  8    XL:     6   Next: 48%
MP:   2/11          EV: 12    Int: 18    God:
Gold: 103           SH:  0    Dex: 20    Spells: 9/12 levels left

rFire    + . .     SeeInvis .   (no weapon)
rCold    x . .     Faith    .   (no shield)
rNeg     . . .     Spirit   .   a - +0 robe
rPois    .         Reflect  .   (no helmet)
rElec    .         Harm     .   (no cloak)
rCorr    .         Rampage  .   (no gloves)
Will     .....                  (no boots)
Stlth    ++........             (no amulet)
HPRegen  0.12/turn              d - ring of fire
MPRegen  0.12/turn              e - +6 ring of dexterity

@: sanguine armoured, drained
A: ignite blood 2, sanguine armour 1
a: no special abilities


You were on level 3 of the Dungeon.
You visited 1 branch of the dungeon, and saw 3 of its levels.

You collected 103 gold pieces.

Inventory:

Armour
 a - a +0 robe (worn)
Jewellery
 d - a ring of fire (left hand)
 e - a +6 ring of dexterity (right hand)
 f - a ring of willpower
 m - a ring of positive energy
 n - a ring of positive energy
 p - a +6 ring of dexterity
Scrolls
 b - a scroll of acquirement
 c - a scroll of fog {unknown}
 i - a scroll of immolation {unknown}
 j - a scroll of enchant weapon {unknown}
 l - a scroll of fear {unknown}
 q - a scroll of identify
Potions
 g - 3 potions of cancellation {unknown}
 h - a potion of brilliance {unknown}
 k - a potion of heal wounds {unknown}
 o - a potion of attraction {unknown}
 r - a potion of curing {unknown}


   Skills:
 - Level 2.0 Dodging
 + Level 2.4 Stealth
 + Level 3.8 Spellcasting
 + Level 2.9 Conjurations
 + Level 3.9 Fire Magic
 * Level 1.5 Air Magic
 * Level 1.7 Poison Magic


You had 9 spell levels left.
You knew the following spells:

 Your Spells              Type           Power      Damage    Failure   Level
a - Foxfire               Conj/Fire      92%        2x1d8     3%          1
b - Poisonous Vapours     Pois/Air       18%        N/A       12%         2

Your spell library contained the following spells:

 Spells                   Type           Power      Damage    Failure   Level
 Sting                    Tmut/Pois      24%        1d4       11%         1
 Conjure Flame            Conj/Fire      23%        6-21      11%         3
 Corona                   Hex            3%         N/A       16%         1
 Inner Flame              Hex/Fire       15%        N/A       21%         3
 Ensorcelled Hibernation  Hex/Ice        6%         N/A       22%         2
 Sticky Flame             Conj/Fire      23%        2d4       34%         4
 Tukima's Dance           Hex            3%         N/A       41%         3
 Olgreb's Toxic Radiance  Pois           9%         N/A       58%         4
 Fireball                 Conj/Fire      11%        3d7       69%         5


Dungeon Overview and Level Annotations

Branches:
Dungeon (3/15)

Altars:

Shops:
D:2 *


Innate Abilities, Weirdness & Mutations

Your demonic aura often causes spilled blood to erupt in flames.
When seriously injured, your bleeding wounds create armour. (AC +6)


Message History

The gnoll is severely wounded.
The gnoll hits you with a +0 club.
The orc hits you with a +1 short sword of draining.
You feel drained.
You feel a surge of power!
You conjure some foxfire!
The foxfire hits the orc.
The orc is almost dead.
The orc closely misses you. The gnoll hits you with a +0 club!
Your magical contamination has completely faded away.
A gnoll comes into view. It is wielding a +0 club.
The gnoll shouts!
The foxfire hits the gnoll.
The gnoll is almost dead.
The foxfire hits the gnoll but does no damage.
The gnoll is almost dead.
The orc hits you with a +1 short sword of draining.
Your blood congeals into armour.
You feel drained.
A gnoll comes into view. It is wielding a +0 spear.
The gnoll moves out of view.
You feel a surge of power!
You conjure some foxfire!
A gnoll sergeant comes into view. It is wielding a +0 trident.
The orc barely misses you. The gnoll hits you with a +0 club.
You feel a surge of power!
You conjure some foxfire!
The foxfire hits the orc but does no damage.
The orc is almost dead.
The foxfire hits the gnoll.
You kill the gnoll!
The orc hits you with a +1 short sword of draining.
You feel drained.
You are too injured to fight recklessly!
As you read the scroll labelled REZIEM CILEX, it crumbles to dust.
It is a scroll of identify.
b - a scroll of acquirement The foxfire hits the orc but does no damage.
The orc is severely wounded.
The gnoll hits you from afar with a +0 spear!
The orc closely misses you.
The gnoll sergeant hits you but does no damage.
The orc closely misses you. The gnoll hits you but does no damage.
The gnoll sergeant hits you with a +0 trident!
You die...

...#8..8#. # ...'....' # .'....'
# #...)# # #....# # #..g.# # ..
#..o°# # o# #....# #+#
.#############gg@)#############..
.#...............g..........(.#og
##≈≈≈≈≈≈≈≈≈≈≈≈....≈≈≈≈≈≈≈≈≈≈≈≈###
≈≈≈≈≈≈≈≈≈≈≈≈≈≈....≈≈≈≈≈≈≈≈≈≈≈≈≈≈≈
≈≈≈≈≈≈≈≈≈≈≈≈≈≈....≈≈≈≈≈≈≈≈≈≈≈≈≈≈≈
.......).........)...............
######.......###.##.###.###.#.###
#.#####.# #....# #.......# ##.#
#.# ####.#######.###


You could see a gnoll sergeant, 3 gnolls and an orc.

Vanquished Creatures
  Grinder (D:3)
  A howler monkey (D:3)
  6 gnolls (D:3)
  An adder (D:3)
  3 dart slugs
  2 orcs (D:3)
  10 bats
  10 endoplasms
  4 giant cockroaches (D:1)
  4 goblins
  3 hobgoblins
  13 jackals (D:3)
  2 quokkas (D:3)
  4 ball pythons
  3 frilled lizards
  7 kobolds
  6 rats
80 creatures vanquished.

Vanquished Creatures (collateral kills)
  2 foxfires (D:1)
2 creatures vanquished.

Vanquished Creatures (others)
  250 foxfires
  2 plants (D:3)
252 creatures vanquished.

Grand Total: 334 creatures vanquished

Notes
Turn   | Place    | Note
-------+----------+-------------------------------------------
     0 | D:1      | BinkBink the Demonspawn Fire Elementalist began the quest
                  | for the Orb.
     0 | D:1      | Reached XP level 1. HP: 13/13 MP: 3/3
   286 | D:1      | Gained mutation: Your demonic aura sometimes causes spilled
                  | blood to erupt in flames. [demonic ancestry]
   286 | D:1      | Reached XP level 2. HP: 19/19 MP: 1/5
   865 | D:1      | Found a faded altar of an unknown god.
  1013 | D:1      | Reached XP level 3. HP: 24/24 MP: 2/6
  1417 | D:2      | Found Moucesti's General Store.
  2535 | D:3      | Gained mutation: Your demonic aura often causes spilled
                  | blood to erupt in flames. [demonic ancestry]
  2535 | D:3      | Reached XP level 4. HP: 30/30 MP: 3/8
  2822 | D:3      | Learned a level 2 spell: Poisonous Vapours
  3278 | D:3      | Noticed Grinder
  3293 | D:3      | Killed Grinder
  3294 | D:3      | Reached skill level 1 in Air Magic
  3294 | D:3      | Reached skill level 1 in Poison Magic
  3294 | D:3      | Reached XP level 5. HP: 35/35 MP: 0/10
  3294 | D:3      | Gained mutation: When seriously injured, your bleeding
                  | wounds create armour. (AC +6) [demonic ancestry]
  3294 | D:3      | Reached XP level 6. HP: 41/41 MP: 0/11
  3577 | D:3      | Identified a scroll of acquirement
  3579 | D:3      | Slain by a gnoll sergeant

Illustrated notes

Levels and vault maps discovered:
D:1:      ebering_trefoil_twist, layout_loops_corners,
          hellmonk_ecumenical_altar_lost_god, dk_noncrumbling_4,
          serial_bayou_pond_a, hangedman_decor_lopped, minmay_misc_feat_pillars
D:2:      layout_loops_cross, serial_shops, shop_statue, serial_glass,
          glass_columns_b, glass_columns_b, minmay_between
D:3:      lemuel_castle_with_subvaults [lemuel_castle_interior_carwin_2],
          layout_loops_corners, uniq_grinder

Skill      XL: |  1  2  3  4 |
---------------+-------------+-----
Dodging        | 2 |  2.0
Fire Magic     | 3 |  3.9
Stealth        | 2 |  2.4
Spellcasting   | 3 |  3.8
Conjurations   | 2 |  2.9
Air Magic      | 1 |  1.5
Poison Magic   | 1 |  1.7

Action                   |  1- 3 |  4- 6 || total
-------------------------+-------+-------++-------
 Cast: Foxfire           |    88 |    68 ||   156
  Use: Scroll            |       |     1 ||     1
Armor: Robe              |     5 |     4 ||     9
Dodge: Dodged            |     7 |    10 ||    17
